woodfighter, neutral female scurrid Tourist ----- |...-########### ------------- |.).|############-...........| -...- ###|...........| ---------------- # # #.......<....| |[[[[[[[[[[[[[@-# # ### -----------|- |[[[[[[[[[[)[[.|# # # #### |[[[[[[[[[[[)@.|# # # ########################## |[)[][[[[[[)[m.|############################## ### --.+- ----------------# # # -.--.--- #+...| ################# ### # |......| ###|>..| # ##### # |......| # |...| # -.--|----.-- |......+####### |...| ### |..........| |....... ########....| # |..........| -------- |._.| ##+..........| ----- ------------ woodfighter the Rambler Experience level: 1 Strength: 11 Dexterity: 13 Constitution: 13 Intelligence: 16 Wisdom: 6 Charisma: 16 Health: 0(9) Energy: 2(2) Def: 1 Gold: 0 Moves: 420 Dungeon seed: GqTMUOTsGpG9ysw5 Game ID: woodfighter_1489749155 Your Inventory: Amulets s - a cursed amulet of restful sleep Weapons a - 35 +2 darts (in quiver) Armor e - an uncursed +0 Hawaiian shirt (being worn) n - an uncursed +0 pair of low boots (being worn) r - an uncursed +0 helm of brilliance Comestibles b - 6 uncursed food rations c - 3 uncursed fortune cookies d - an uncursed tin of lichen f - an uncursed egg p - an uncursed lichen corpse q - 2 uncursed cream pies Scrolls h - 2 uncursed scrolls of magic mapping i - 2 blessed scrolls of magic mapping t - an uncursed scroll of scare monster Potions g - 2 uncursed potions of extra healing Wands l - a wand of secret door detection (0:14) Tools j - an expensive camera (0:33) k - an uncursed credit card m - an uncursed towel Spells and supernatural/magical abilities: Name Level Category Fail Memory W - pray for help -- divine ? -- Your skills at the end: Miscellaneous Skills wands [Basic] Weapon Skills dart [Basic] Spellcasting Skills Final Attributes: You were devoutly aligned. You had infravision. You were very stealthy. You are dead. Vanquished creatures: a jackal a goblin a lichen a kobold zombie 4 creatures vanquished. Voluntary challenges: You did not adorn yourself with jewelry or accessories. You did not cause conflict. You were not invisible. You did not have reflection. You were not displaced. You never hit with a wielded weapon. You did not use tools. You did not use plumbed fixtures. You did not drink any magical draughts. You were illiterate. You never genocided any monsters. You never polymorphed an object. You never changed form. You used no wishes. You never split a pudding. You never wrote Elbereth's name. You never violated your personal moral code. Dungeon overview: The Dungeons of Doom: levels 1 to 3 Level 1 (locked box) a fountain a long staircase Level 2 <- You were here an armor shop, an altar to The Lady Level 3 History has recorded: On T:1 you entered the Dungeons of Doom to retrieve the Amulet of Yendor! On T:215 you reached level 2 of The Dungeons of Doom. On T:250 you reached level 3 of The Dungeons of Doom. Score breakdown: Gold: 0 ( 0 points) Experience: 1 level ( 0 points) Exploration: 3 levels ( 60 points) Discoveries: 4 items ( 200 points) Variety of kills: 4 monsters ( 200 points) Major goal: (nothing yet) ( 0 points) Survival: died (score multiplied by 3) Total score: 1380 Latest messages: You succeed in cutting away some rock. You start chewing a hole in the rock. You continue digging. You succeed in cutting away some rock. You start chewing a hole in the rock. You continue digging. You succeed in cutting away some rock. You start chewing a hole in the rock. You continue digging. You succeed in cutting away some rock. You start chewing a hole in the rock. You continue digging. You succeed in cutting away some rock. You start chewing a hole in the rock. You continue digging. You succeed in cutting away some rock. The door opens. "Aloha, woodfighter! Welcome to Gaziantep's used armor dealership!" You see here a pair of hiking boots (8 zorkmids). You see here a visored helmet (67 zorkmids). "For you, most gracious lady; only 67 for this visored helmet." r - a visored helmet (unpaid, 67 zorkmids). Wait! That's a small mimic! You miss the small mimic. The small mimic claws you! You die... Gaziantep comes and takes all your possessions. Final status: Aloha woodfighter the Tourist, killed by a small mimic... You died in The Dungeons of Doom on dungeon level 2 with 1380 points, and 0 pieces of gold, after 420 moves. You were level 1 with a maximum of 9 hit points when you died.